 Seeded DCSS version 0.30.1-11-g7821555f0a (webtiles) character file.

Game seed: 9938364161540474565 (custom seed)

101800 Psyclone the Spry (level 15, 99/99 (100) HPs)
             Began as a Deep Elf Conjurer on Nov 10, 2023.
             Was an Initiate of Gozag.
             Quit the game on level 15 of the Dungeon on Nov 12, 2023.
             The game lasted 01:25:55 (33697 turns).

Psyclone the Spry (Deep Elf Conjurer)              Turns: 33697, Time: 01:25:55

HP:   99/99 (100)   AC: 29    Str:  9    XL:     15   Next: 84%
MP:   29/29         EV: 33    Int: 37    God:    Gozag
Gold: 1355          SH:  0    Dex: 13    Spells: 15/38 levels left

rFire   . . .        a - staff of conjuration
rCold   x . .        (no shield)
rNeg    . . .        X - +8 acid dragon scales of Sunlight {rCorr Str+5 Int+6 Dex-2}
rPois   .            O - +1 hat
rElec   .            r - +2 cloak {Will+}
rCorr   +            j - +2 pair of gloves
SInv    +            y - +1 pair of boots
Will    ++...        K - amulet of the acrobat
Stlth   +++          k - +4 ring of protection
HPRegen 0.36/turn    x - ring of see invisible
MPRegen 0.21/turn

%: acrobat, clarity
@: acrobatic, lightly drained
A: hooves 1, thin skeletal structure 1, clarity, low MP 1, cold vulnerability 1
a: Renounce Religion, Potion Petition, Call Merchant, Bribe Branch


You were on level 15 of the Dungeon.
You worshipped Gozag.
Gozag was most pleased with you.
You visited 3 branches of the dungeon, and saw 22 of its levels.
You also visited: Sewer and Ossuary.

You collected 9338 gold pieces.
You spent 1988 gold pieces at shops.
You paid 5995 gold pieces to Gozag.

Inventory:

Hand Weapons
 b - a +9 rapier of speed
Missiles
 B - 2 throwing nets {!f}
Armour
 j - a +2 pair of gloves (worn)
 r - a +2 cloak of willpower (worn)
 y - a +1 pair of boots (worn)
 O - a +1 hat (worn)
 X - the +8 acid dragon scales of Sunlight (worn) {rCorr Str+5 Int+6 Dex-2}
   (You bought it in a shop on level 5 of the Dungeon)

   Str:       It affects your strength (+5).
   Int:       It affects your intelligence (+6).
   Dex:       It affects your dexterity (-2).
   rCorr:     It protects you from acid and corrosion.
Magical Staves
 a - a staff of conjuration (weapon)
 Z - a staff of poison
Jewellery
 c - an amulet of regeneration
 g - a ring of protection from fire
 k - a +4 ring of protection (left hand)
 n - a ring of fire
 x - a ring of see invisible (right hand)
 K - an amulet of the acrobat (around neck)
 Q - a ring of protection from cold
 U - a ring of magical power
 Y - a ring of fire
Wands
 l - a wand of flame (47)
 m - a wand of quicksilver (21)
 s - a wand of paralysis (21)
 D - a wand of iceblast (34)
 N - a wand of polymorph (9)
Scrolls
 d - a scroll of immolation
 f - 8 scrolls of blinking
 u - 7 scrolls of magic mapping
 v - 8 scrolls of identify {@r1}
 A - 11 scrolls of teleportation
 I - 2 scrolls of poison
 L - 5 scrolls of brand weapon
 M - 7 scrolls of amnesia
 S - a scroll of fear
 T - 3 scrolls of fog
Potions
 e - 5 potions of magic
 i - 6 potions of curing
 o - 2 potions of attraction
 p - 8 potions of lignification
 q - 5 potions of brilliance
 t - 3 potions of ambrosia
 w - 4 potions of resistance
 z - 5 potions of flight
 C - 6 potions of degeneration
 E - a potion of berserk rage
 G - 3 potions of cancellation
 H - 3 potions of might
 J - 3 potions of heal wounds
 R - a potion of invisibility
 V - 3 potions of haste


   Skills:
 - Level 14.3 Fighting
 - Level 6.0 Armour
 - Level 17.8 Dodging
 - Level 2.4 Stealth
 - Level 12.0 Spellcasting
 - Level 12.0 Conjurations
 + Level 5.3 Hexes
 + Level 4.7 Translocations
 - Level 6.0 Transmutations
 - Level 6.0 Air Magic


You had 15 spell levels left.
You knew the following spells:

 Your Spells              Type           Power      Damage    Failure   Level
a - Magic Dart            Conj           100%       1d8       1%          1
b - Searing Ray           Conj           100%       2d8       1%          2
c - Arcjolt               Conj/Air       46%        1d56      1%          5
d - Fulminant Prism       Conj/Hex       46%        3d20      1%          4
e - Iskenderun's Mystic   Conj/Tloc      90%        2d18      1%          4
q - Blink                 Tloc           100%       N/A       1%          2
x - Irradiate             Conj/Tmut      46%        3d27      1%          5

Your spell library contained the following spells:

 Spells                   Type           Power      Damage    Failure   Level
 Kiss of Death            Conj/Necr      100%       2d13      1%          1
 Sting                    Tmut/Pois      100%       1d8       1%          1
 Lesser Beckoning         Tloc           100%       N/A       1%          2
 Momentum Strike          Conj/Tloc      100%       3d10      1%          2
 Passwall                 Tmut/Erth      36%        N/A       1%          2
 Poisonous Vapours        Pois/Air       88%        N/A       1%          2
 Wereblood                Tmut           61%        N/A       1%          2
 Confusing Touch          Hex            58%        N/A       1%          3
 Dazzling Flash           Conj/Hex       100%       N/A       1%          3
 Gell's Gravitas          Tloc           55%        N/A       1%          3
 Teleport Other           Tloc           55%        N/A       1%          3
 Vhi's Electric Charge    Tloc/Air       100%       N/A       1%          3
 Cause Fear               Hex            29%        N/A       3%          4
 Manifold Assault         Tloc           55%        N/A       3%          4
 Sublimation of Blood     Necr           22%        N/A       4%          2
 Ozocubu's Armour         Ice            22%        N/A       9%          3
 Alistair's Intoxication  Tmut/Pois      29%        N/A       22%         5
 Dispel Undead            Necr           22%        3d12      26%         4
 Olgreb's Toxic Radiance  Pois           22%        N/A       26%         4
 Metabolic Englaciation   Hex/Ice        21%        N/A       26%         5
 Borgnjor's Vile Clutch   Necr/Erth      11%        N/A       58%         5
 Eringya's Noxious Bog    Tmut/Pois      22%        N/A       77%         6
 Plasma Beam              Fire/Air       22%        2x1d37    77%         6
 Dragon Form              Tmut           30%        N/A       89%         7
 Storm Form               Tmut/Air       30%        N/A       89%         7
 Summon Hydra             Summ           11%        N/A       100%        7
 Necromutation            Tmut/Necr      22%        N/A       100%        8
 Dragon's Call            Summ           11%        N/A       100%        9
 Simulacrum               Ice/Necr       Unusable   N/A       N/A         6

Dungeon Overview and Level Annotations

Branches:
Dungeon (15/15) Zot: 25959  Temple (0/1) D:4            Lair (5/5) D:11 Zot: 20393
 Shoals (0/4) Lair:3        Snake (0/4) Lair:3        Slime (0/5) Lair:5
    Orc (2/2) D:10 Zot: 8725     Elf (0/3) Orc:2        Vaults (0/5) D:13
 Depths (0/4) D:15          Sewer (visited)         Ossuary (visited)

Altars:
Cheibriados
Dithmenos
Elyvilon
Fedhas
Gozag
Hepliaklqana
Okawaru
Ru
Trog
Vehumet
Wu Jian
Xom
The Shining One
Jiyva

Shops:
D:5 [[   D:12 :(*=   Orc:2 ??=*[*==

Annotations:
D:4 1 transporter
D:7 2 transporters


Innate Abilities, Weirdness & Mutations

You have large cloven feet.
You have a somewhat thin skeletal structure. (Dex +2, Stealth+)
You possess an exceptional clarity of mind.
Your magical capacity is low. (-10% MP)
You are vulnerable to cold. (rC-)


Message History

The deep elf pyromancer is lightly wounded.
The deep elf pyromancer hits you but does no damage.
You feel drained.
You take 2 damage, and have 98/98 hp.
You now have 24/29 mp.
Casting: Arcjolt (dangerous; 1% risk of failure)
Confirm with . or Enter, or press ? or * to list all spells.
You feel a surge of power!
Electricity surges outward!
The deep elf pyromancer is struck by an electric surge!
The deep elf pyromancer is moderately wounded.
The deep elf pyromancer mumbles some strange words.
You now have 19/29 mp.
Casting: Arcjolt (dangerous; 1% risk of failure)
Confirm with . or Enter, or press ? or * to list all spells.
You feel a surge of power!
You erupt in a fountain of uncontrolled magic!
The deep elf pyromancer is blasted with magical radiation!!!
You kill the deep elf pyromancer!
The fire elemental disappears in a puff of smoke! x2
You are very lightly contaminated with residual magic.
You now have 14/29 mp.
You now have 1355 gold pieces (gained 7).
You see here a +1 dagger of draining.
Health restored: 99
D - a wand of iceblast (34) (gained 3 charges)
You see here a +1 dagger of draining.
Your magical contamination has completely faded away.
Found a ring mail.
MP restored: 29
v - 8 scrolls of identify {@r1} (gained 1)
Found a great sword.
m - a wand of quicksilver (21) (gained 5 charges)
You see here a +0 great sword.
Done exploring.
Done exploring.
(D) Dungeon (T) Temple (L) Lair (A) Shoals (P) Snake Pit (M) Slime Pits (O) Orcish Mines (E) Elven Halls (V) Vaults (U) Depths
Where to? (* - list waypoints, Enter - D:15, ? - help)
Okay, then.
Are you sure you want to abandon this character and quit the game? (Confirm with "yes".)

.......................##
#..#
#....................###
#..#
##..................##
#..#
#...................#
#..#
....................##
#..##
.....................#
#.<.#
....................##
#.^.#
...........##......##
####...#
.........#####..@.##
##......# ..........#
##..## #...#...#
..........## ####
##...#...# ...........#
##........# .........###
#....#....# ........##
##...##...## ....###.#
#....##...# #####
#.####### #...###...#
#.#.....### #..####...#


There were no monsters in sight!

Vanquished Creatures
  An orc warlord (Orc:1)
  A stone giant (D:15)
  A reaper (D:14)
  A dire elephant (Lair:5)
  A merfolk javelineer (D:13)
  4 hydras
  Erolcha (D:11)
  Harold (Lair:1)
  8 vault guards (D:13)
  The ghost of Jaukkuri the Prestidigitator, a journeyman DEAr of Nemelex Xobeh (D:12)
  4 catoblepae
  4 ogre magi (Orc:2)
  Erica (D:11)
  4 centaur warriors (D:13)
  14 two-headed ogres
  14 death yaks
  5 boulder beetles
  A deep troll shaman (Lair:5)
  2 tengu warriors (D:13)
  Urug (Orc:1)
  An orc high priest (Orc:1)
  4 skeletal warriors
  Pikel (D:8)
  3 orc knights
  3 deep elf pyromancers
  An oklob plant (Lair:4)
  An ugly thing (D:13)
  2 orc sorcerers
  7 cyclopes
  13 elephants
  3 manticores
  3 black mambas
  A guardian serpent (shapeshifter) (D:15)
  2 gargoyles
  A torpor snail (Lair:5)
  4 unseen horrors
  Psyche (D:11)
  6 komodo dragons
  4 rime drakes
  14 cane toads
  An efreet (D:14)
  A tengu conjurer (D:13)
  8 trolls
  4 polar bears
  Grinder (D:3)
  A hornet (D:7)
  10 dream sheep
  15 blink frogs
  A wind drake (Lair:3)
  8 slime creatures
  Sigmund (D:3)
  2 vampires
  Eustachio (D:4)
  A wraith (Ossuary)
  A spriggan (shapeshifter) (D:14)
  A shadow (D:11)
  4 wyverns
  62 yaks
  2 basilisks
  4 steam dragons
  4 vampire mosquitoes
  A harpy simulacrum (D:15)
  3 nagas (Lair:3)
  7 wargs
  An acid dragon (D:11)
  13 water moccasins
  Duvessa (D:4)
  2 ice beasts
  26 orc warriors
  3 black bears
  A sky beast (D:7)
  26 ogres
  8 centaurs
  6 wolves
  2 lemures (D:8)
  2 elf zombies (Ossuary)
  6 kobold brigands
  A gnoll sergeant (D:9)
  7 bullfrogs
  2 scorpions
  3 wights (D:7)
  Dowan (D:4)
  12 killer bees
  3 electric eels
  4 howler monkeys (D:11)
  4 lava snakes (Lair:5)
  2 jellies
  A gnoll bouda (D:9)
  21 orc priests
  Crazy Yiuf (D:2)
  3 hounds
  Jessica (D:3)
  4 iguanas
  3 sleepcaps
  Natasha (thrice) (D:3)
  22 orc wizards
  A hell rat (Sewer)
  3 mummies (Ossuary)
  15 gnolls
  7 adders
  2 river rats (Sewer)
  6 shadow imps
  2 white imps
  2 ufetubi
  3 dart slugs
  48 orcs
  4 ball pythons
  8 endoplasms
  3 giant cockroaches
  11 goblins
  6 hobgoblins
  11 jackals
  38 kobolds
  7 quokkas
  9 bats
  9 frilled lizards
  4 goblin zombies (Ossuary)
  3 hobgoblin zombies (Ossuary)
  A kobold zombie (Ossuary)
  8 rats
  A fulminant prism (Lair:3)
696 creatures vanquished.

Vanquished Creatures (others)
  An orc warrior (Orc:1)
  An orc wizard (Orc:1)
  62 fulminant prisms
64 creatures vanquished.

Grand Total: 760 creatures vanquished

Notes
Turn   | Place    | Note
-------+----------+-------------------------------------------
     0 | D:1      | Psyclone the Deep Elf Conjurer began the quest for the Orb.
     0 | D:1      | Reached XP level 1. HP: 10/10 MP: 6/6
    36 | D:2      | Found a faded altar of an unknown god.
    47 | D:2      | Prayed at the altar of an unknown god.
    47 | D:2      | Became a worshipper of Gozag Ym Sagoz the Greedy
   120 | D:1      | Reached XP level 2. HP: 15/15 MP: 4/8
   700 | D:1      | Reached skill level 5 in Conjurations
  1236 | D:1      | Reached XP level 3. HP: 19/19 MP: 8/10
  1536 | D:2      | Learned a level 2 spell: Searing Ray
  2313 | D:2      | Reached XP level 4. HP: 24/24 MP: 8/12
  2388 | D:2      | Found a runed translucent door.
  2389 | D:2      | Noticed Crazy Yiuf
  2666 | D:2      | Killed Crazy Yiuf
  2862 | D:3      | Noticed Grinder
  2870 | D:3      | Noticed Natasha
  2885 | D:3      | Killed Natasha
  2886 | D:3      | Reached XP level 5. HP: 23/28 MP: 5/14
  2893 | D:3      | Found a hazy altar of Hepliaklqana.
  2896 | D:3      | Killed Grinder
  2897 | D:3      | Reached skill level 5 in Spellcasting
  2897 | D:3      | Reached XP level 6. HP: 32/32 MP: 0/16
  3082 | D:3      | Noticed Sigmund
  3088 | D:3      | Killed Sigmund
  3339 | D:3      | Reached XP level 7. HP: 36/36 MP: 16/18
  3606 | D:3      | Found a blossoming altar of Fedhas.
  3667 | D:3      | Found a sacrificial altar of Ru.
  3781 | D:3      | Noticed Natasha
  3785 | D:3      | Killed Natasha
  3965 | D:3      | Noticed Jessica
  3967 | D:3      | Killed Jessica
  4019 | D:3      | Noticed Natasha
  4024 | D:3      | Killed Natasha
  4224 | D:4      | Found a transporter.
  4344 | D:4      | Noticed Eustachio
  4358 | D:4      | Killed Eustachio
  4584 | D:4      | Noticed Duvessa
  4584 | D:4      | Noticed Dowan
  4594 | D:4      | Found a transporter.
  4631 | D:4      | Learned a level 4 spell: Fulminant Prism
  4636 | D:4      | Learned a level 4 spell: Iskenderun's Mystic Blast
  4672 | D:4      | Found a staircase to the Ecumenical Temple.
  4832 | D:4      | Killed Dowan
  4833 | D:4      | Reached skill level 1 in Hexes
  4833 | D:4      | Reached skill level 1 in Translocations
  4836 | D:4      | Killed Duvessa
  4837 | D:4      | Reached XP level 8. HP: 41/41 MP: 4/20
  5428 | D:5      | Entered Level 5 of the Dungeon
  5428 | D:5      | Found Fotsopn's Armour Shoppe.
  5529 | D:5      | Reached skill level 1 in Fighting
  5529 | D:5      | Reached skill level 3 in Dodging
  5712 | D:5      | Found a glowing drain.
  5717 | Sewer    | Entered a sewer
  5931 | D:5      | Found Gawain's Dragon-Slaying Spoils.
  6060 | D:5      | Reached skill level 4 in Dodging
  6147 | D:5      | Found a white marble altar of Elyvilon.
  6692 | D:6      | Reached skill level 5 in Dodging
  6945 | D:6      | Found a sand-covered staircase.
  6974 | Ossuary  | Entered an ossuary
  7177 | Ossuary  | Reached skill level 6 in Dodging
  7177 | Ossuary  | Reached XP level 9. HP: 42/52 MP: 8/21
  7580 | Ossuary  | Gained mutation: You have hidden genetic potential. [potion
                  | of mutation]
  7580 | Ossuary  | Gained mutation: You are dopey. (Int -2) [potion of
                  | mutation]
  7773 | D:6      | Reached skill level 5 in Fighting
  8626 | D:7      | Found a transporter.
  8626 | D:7      | Found a transporter.
  8633 | D:7      | Noticed a meliai
  8738 | D:7      | Found a shadowy altar of Dithmenos.
  8739 | D:7      | Found a radiant altar of Vehumet.
  9121 | D:7      | Reached skill level 7 in Dodging
  9392 | D:5      | Bought the +8 acid dragon scales of Sunlight {rCorr Str+5
                  | Int+6 Dex-2} for 1561 gold pieces
  9607 | D:8      | Found an ornate altar of the Wu Jian Council.
  9630 | D:8      | Reached XP level 10. HP: 47/61 MP: 5/24
  9788 | D:8      | Gained mutation: You have a somewhat thin skeletal
                  | structure. (Dex +2, Stealth+) [hidden potential]
  9978 | D:8      | Noticed a two-headed ogre
  9989 | D:8      | Noticed Pikel
 10000 | D:8      | Killed a two-headed ogre
 10001 | D:8      | Reached skill level 10 in Conjurations
 10034 | D:8      | Killed Pikel
 10232 | D:8      | Found a bloodstained altar of Trog.
 10236 | D:8      | Found a shimmering altar of Xom.
 10241 | D:8      | Found a snail-covered altar of Cheibriados.
 10649 | D:9      | Reached skill level 8 in Dodging
 11045 | D:9      | Noticed a two-headed ogre
 11064 | D:9      | Killed a two-headed ogre
 11417 | D:10     | Entered Level 10 of the Dungeon
 11424 | D:10     | Reached skill level 10 in Spellcasting
 11556 | D:10     | Reached XP level 11. HP: 61/67 MP: 3/27
 11572 | D:10     | Reached skill level 9 in Dodging
 11606 | D:10     | Gained mutation: You expend magic power (3 MP) to
                  | strengthen your wands. [hidden potential]
 11606 | D:10     | Lost mutation: You have hidden genetic potential. [hidden
                  | potential expressed]
 11851 | D:10     | Found a staircase to the Orcish Mines.
 12220 | D:11     | Noticed a boulder beetle
 12242 | D:11     | Killed a boulder beetle
 12498 | D:11     | Noticed Psyche
 12509 | D:11     | Killed Psyche
 13000 | D:11     | Noticed Erica
 13012 | D:11     | Killed Erica
 13019 | D:11     | Lost mutation: You are dopey. (Int -2) [potion of mutation]
 13019 | D:11     | Lost mutation: You expend magic power (3 MP) to strengthen
                  | your wands. [potion of mutation]
 13019 | D:11     | Gained mutation: You are vulnerable to cold. (rC-) [potion
                  | of mutation]
 13019 | D:11     | Gained mutation: You possess an exceptional clarity of
                  | mind. [potion of mutation]
 13019 | D:11     | Gained mutation: Your magical capacity is low. (-10% MP)
                  | [potion of mutation]
 13019 | D:11     | Gained mutation: You have large cloven feet. [potion of
                  | mutation]
 13351 | D:11     | Found a staircase to the Lair.
 13373 | D:11     | Noticed Erolcha
 13387 | D:11     | Killed Erolcha
 13388 | D:11     | Reached skill level 1 in Armour
 13539 | Orc:1    | Entered Level 1 of the Orcish Mines
 13547 | Orc:1    | Noticed an orc high priest
 13560 | Orc:1    | Killed an orc high priest
 13837 | Orc:2    | Entered Level 2 of the Orcish Mines
 13841 | Orc:2    | Noticed an orc warlord
 13855 | Orc:2    | Reached XP level 12. HP: 66/76 MP: 11/27
 13858 | Orc:2    | Noticed a two-headed ogre
 13867 | Orc:2    | HP: 1/76 [orc warlord/+0 great mace (15)]
 14131 | Orc:1    | Killed an orc warlord
 14132 | Orc:1    | Reached skill level 5 in Armour
 14268 | Orc:2    | Killed a two-headed ogre
 14955 | Orc:1    | Noticed Urug
 15103 | Orc:1    | Killed Urug
 15104 | Orc:1    | Reached skill level 10 in Dodging
 15604 | Orc:2    | Noticed a two-headed ogre
 15748 | Orc:2    | Killed a two-headed ogre
 15749 | Orc:2    | Reached skill level 10 in Fighting
 15751 | Orc:2    | Noticed an ogre mage
 15762 | Orc:2    | Killed an ogre mage
 15763 | Orc:2    | Reached skill level 11 in Dodging
 15781 | Orc:2    | Noticed a two-headed ogre
 15923 | Orc:2    | Killed a two-headed ogre
 15982 | Orc:2    | Noticed a two-headed ogre
 15984 | Orc:2    | Noticed a two-headed ogre
 15997 | Orc:2    | Killed a two-headed ogre
 15997 | Orc:2    | Killed a two-headed ogre
 16209 | Orc:2    | Found a staircase to the Elven Halls.
 16209 | Orc:2    | Noticed a two-headed ogre
 16210 | Orc:2    | Noticed an ogre mage
 16230 | Orc:2    | Killed a two-headed ogre
 16231 | Orc:2    | Reached XP level 13. HP: 78/83 MP: 8/28
 16242 | Orc:2    | Reached skill level 12 in Dodging
 16644 | Orc:2    | Found Hotrez's Antique Armour Shoppe.
 16644 | Orc:2    | Found Anewnab's Magic Scroll Shop.
 16644 | Orc:2    | Found Jaikhoh's General Store.
 16644 | Orc:2    | Found Quemu Bauba's Magic Scroll Shoppe.
 16806 | Orc:2    | Bought a pair of embroidered boots for 225 gold pieces
 16811 | Orc:2    | Bought a scroll of enchant armour for 112 gold pieces
 16812 | Orc:2    | Bought a scroll of enchant weapon for 90 gold pieces
 16918 | Orc:2    | Identified a scroll of acquirement
 16919 | Orc:2    | Acquired 1054 gold pieces
 17140 | Lair:1   | Entered Level 1 of the Lair of Beasts
 17140 | Lair:1   | Noticed Harold
 17154 | Lair:1   | Killed Harold
 17381 | Lair:1   | Reached skill level 13 in Dodging
 17446 | Lair:1   | Learned a level 2 spell: Blink
 18987 | Lair:2   | Found the +2 ratskin cloak {*Rats rPois rN+ Str-1 Int-1
                  | Dex+1}
 19009 | Lair:2   | Reached skill level 14 in Dodging
 20544 | Lair:3   | Found a staircase to the Shoals.
 20609 | Lair:3   | Reached XP level 14. HP: 79/92 MP: 13/29
 20647 | Lair:3   | Reached skill level 15 in Dodging
 21518 | Lair:3   | Found a staircase to the Snake Pit.
 22831 | Lair:5   | Entered Level 5 of the Lair of Beasts
 23024 | Lair:5   | Reached skill level 16 in Dodging
 23820 | Lair:5   | Found a viscous altar of Jiyva.
 23820 | Lair:5   | Found a staircase to the Slime Pits.
 24962 | Lair:5   | Reached skill level 17 in Dodging
 25710 | Lair:5   | Reached XP level 15. HP: 100/100 MP: 23/29
 26917 | D:12     | Found Mytt's Self-Improvement Boutique.
 26934 | D:12     | Found Lauzuxt's Antique Weapon Emporium.
 27890 | D:12     | Identified the +4 dagger of Slow Death {heavy, Drain +Blink
                  | rCorr Str+2}
 28913 | D:13     | Got Ulomaun's Vademecum on Variation
 28920 | D:13     | Learned a level 5 spell: Irradiate
 28926 | D:13     | Learned a level 5 spell: Arcjolt
 29094 | D:13     | Reached skill level 1 in Transmutations
 29094 | D:13     | Reached skill level 1 in Air Magic
 29299 | D:13     | Found a gate to the Vaults.
 30572 | D:13     | Found a runed translucent gate.
 30572 | D:13     | Found a runed translucent gate.
 30572 | D:13     | Found a runed translucent gate.
 30576 | D:13     | Noticed Jaukkuri's ghost (journeyman DEAr)
 30847 | D:13     | Reached skill level 5 in Transmutations
 31169 | D:13     | Found an iron altar of Okawaru.
 31176 | D:13     | Reached skill level 5 in Air Magic
 31440 | D:12     | Killed Jaukkuri's ghost
 31588 | D:13     | Identified the +7 morningstar of Fubam {drain, rPois rC-
                  | Str+6}
 32050 | D:14     | Found a glowing golden altar of the Shining One.
 32310 | D:14     | Found the +5 scythe "Finisher" {speed, execute}
 32656 | D:15     | Entered Level 15 of the Dungeon
 33189 | D:15     | Identified the +0 pair of gloves "Weproess" {rF+ rN+ Int-5
                  | Slay+3}
 33237 | D:15     | Reached skill level 5 in Hexes
 33256 | D:15     | Found a staircase to the Depths.
 33697 | D:15     | Quit the game

Illustrated notes

Levels and vault maps discovered:
D:1:      eino_arrival_water_cross, layout_basic, chequers_big_river,
          wander_ebering_terrifying_dragon_lair
D:2:      layout_basic, nicolae_ecumenical_pavilion,
          minmay_misc_feat_more_columns, nrook_mini_vaults,
          uniq_crazy_yiuf_cottage
D:3:      layout_basic, old_standard_altar, fedhas_altar_2,
          nicolae_ru_great_annihilating_truth, hangedman_decor_points,
          minmay_randomly_rotated_circles, uniq_sigmund, uniq_natasha,
          uniq_grinder, uniq_jessica
D:4:      gammafunk_wand_slinger, layout_cave_pools, minmay_temple_entry_waves,
          uniq_eustachio, uniq_duvessa
D:5:      corexii_shack_village, layout_loops_ring,
          mainiacjoe_overflow_brackets, portal_sewer_entry_e, serial_shops,
          nicolae_stop_n_shop_2, nicolae_shop_dragon_depot,
          roderic_roman_lattice
D:6:      layout_rooms, nicolae_ossuary_entry_plus, nicolae_hexahallways,
          minmay_misc_feat_square, hangedman_decor_peaks_small,
          hangedman_abyss_or_decor_stabs
D:7:      layout_basic, gammafunk_temple_overflow_arena, hex_medium,
          wad_floor_pattern_untrapped
D:8:      layout_rooms, grunt_temple_overflow_open,
          mainiacjoe_overflow_small_starburst, uniq_pikel
D:9:      layout_loops_ring
D:10:     layout_rooms, orc_0_dummy
D:11:     layout_loops_ring, grunt_lair_entry_orc_guard_hut,
          kennysheep_another_room, uniq_erolcha, uniq_erica, uniq_psyche
D:12:     layout_loops_ring, serial_shops, nicolae_shop_overgrown_old_shop,
          nicolae_shop_self_help
D:13:     layout_basic, erik_vaults_2, gammafunk_ghost_fury_of_okawaru
D:14:     layout_basic, nicolae_tso_carved_into_rock,
          minmay_guarded_unrand_finisher
D:15:     grunt_enter_depths_giant_problem, layout_cave_pods
Lair:1:   layout_cave_pods, minmay_shattered_shrine, uniq_harold
Lair:2:   layout_gridlike, serial_bayou_ford_a
Lair:3:   layout_chaotic_city, minmay_shoals_entry_beasts,
          nicolae_snake_entry_squirm, guppyfry_lair_drakes
Lair:4:   layout_long_grid
Lair:5:   grunt_lair_end_beastmaster, layout_cave_pods,
          dpeg_slime_entry_enclosed, nicolae_lair_liquid_snakes,
          lemuel_fruit_tree
Orc:1:    layout_caves, uniq_urug
Orc:2:    st_orc_ogre_mass, layout_diamond_mine

Skill      XL: |  1  2  3  4  5  6  7  8  9 10 11 12 13 14 15 |
---------------+----------------------------------------------+-----
Conjurations   | 5 6 7 8 9 11 12 | 12.0
Spellcasting   | 4 5 6 7 8 10 12 | 12.0
Hexes          | 2 3 5 |  5.3
Translocations | 2 3 4 |  4.7
Fighting       | 4 6 7 9 10 12 14 | 14.3
Dodging        | 6 7 8 9 11 14 17 | 17.8
Armour         | 4 6 |  6.0
Transmutations | 6 |  6.0
Air Magic      | 6 |  6.0
Stealth        | |  2.4

Action                     |  1- 3 |  4- 6 |  7- 9 | 10-12 | 13-15 || total
---------------------------+-------+-------+-------+-------+-------++-------
  Melee: Quarterstaff      |       |     1 |     5 |       |       ||     6
         Rapier            |       |       |   163 |   409 |   240 ||   812
         Punch             |       |       |     3 |     6 |     4 ||    13
         Staff             |       |       |       |       |    48 ||    48
   Cast: Magic Dart        |    87 |    21 |   122 |    16 |    23 ||   269
         Searing Ray       |       |     7 |    53 |    34 |    19 ||   113
         Fulminant Prism   |       |       |     8 |    19 |    36 ||    63
         Iskenderun's Myst |       |       |    27 |   116 |   362 ||   505
         Irradiate         |       |       |       |       |    36 ||    36
         Arcjolt           |       |       |       |       |    18 ||    18
         Blink             |       |       |       |       |     3 ||     3
 Invoke: Call Merchant     |       |       |       |       |     6 ||     6
    Use: Scroll            |       |       |    13 |     3 |    14 ||    30
         Potion            |       |       |    10 |     2 |     1 ||    13
   Stab: Distracted        |       |       |     2 |       |     1 ||     3
         Sleeping          |       |       |     1 |     3 |     6 ||    10
         Petrified         |       |       |       |       |     6 ||     6
 Armour: Robe              |     3 |     2 |    68 |       |       ||    73
         Acid dragon scale |       |       |     6 |   176 |   301 ||   483
  Dodge: Dodged            |     7 |     3 |   139 |   426 |   787 ||  1362
